 Dungeon Crawl Stone Soup version 0.17.2 (webtiles) character file.

123 Goblin1989 the Cudgeler (level 4, -1/36 HPs)
             Began as a Demonspawn Fighter on July 9, 2016.
             Slain by an orc priest
             ... wielding a +0 hand axe
              (3 damage)
             ... on level 3 of the Dungeon.
             The game lasted 00:05:09 (2290 turns).

Goblin1989 the Cudgeler (Demonspawn Fighter)        Turns: 2290, Time: 00:05:09

Health: -1/36      AC:  9    Str: 23    XL:     4   Next: 79%
Magic:  4/4        EV:  2    Int:  9    God:
Gold:   177        SH:  9    Dex: 12    Spells: 0 memorised, 3 levels left

rFire  . . .     SeeInvis .     a - +0 flail
rCold  + . .     Clarity  +     o - +0 chain mail
rNeg   . . .     SustAt   .     c - +0 shield
rPois  .         Gourm    .     (no helmet)
rElec  .         Spirit   .     (no cloak)
rCorr  .         Warding  .     (no gloves)
rMut   .         Stasis   .     (no boots)
MR     .....                    t - amulet of clarity
Stlth  ..........               (no ring)
                                l - ring of stealth (curse)

@: mighty, constricted, not resistant to hostile enchantments, extremely
unstealthy
A: rugged brown scales 1, cold resistance 1, powered by death 1
a: no special abilities


You were on level 3 of the Dungeon.
You were very hungry.

You visited 1 branch of the dungeon, and saw 3 of its levels.

You collected 177 gold pieces.

Inventory:

Hand Weapons
 a - a +0 flail (weapon)
Armour
 c - a +0 shield (worn)
 o - a +0 chain mail (worn)
Jewellery
 l - a cursed ring of stealth (left hand)
 t - an amulet of clarity (around neck)
Scrolls
 b - 3 scrolls of random uselessness {unknown}
 g - 2 scrolls of magic mapping
 h - a scroll of blinking {unknown}
 j - 2 scrolls of remove curse
 m - a scroll of enchant armour {unknown}
 n - a scroll of identify
 q - 2 scrolls of teleportation
 r - a scroll of noise {unknown}
Potions
 f - 2 potions of flight {unknown}
 i - 4 potions of curing
 p - a potion of ambrosia {unknown}
Books
 s - a book of Geomancy

   Spells                             Type                      Level
   a - Sandblast                      Earth                        1
   b - Stoneskin                      Transmutation/Earth          2
   c - Passwall                       Transmutation/Earth          3
   d - Stone Arrow                    Conjuration/Earth            3
   e - Petrify                        Transmutation/Earth          4
   f - Lee's Rapid Deconstruction     Earth                        5
Comestibles
 e - 6 bread rations
 k - 2 meat rations
 u - a slice of pizza


   Skills:
 - Level 3.0 Fighting
 + Level 4.6 Maces & Flails
 - Level 2.6 Armour
 - Level 2.6 Shields


You had 3 spell levels left.
You didn't know any spells.

Dungeon Overview and Level Annotations

Branches:
Dungeon (3/15)

Altars:
Ashenzari
Qazlal
Xom


Innate Abilities, Weirdness & Mutations

You are partially covered in rugged brown scales (AC +1, +3% HP).
Your flesh is cold resistant.
You regenerate a little health from kills.


Message History

You block the ball python's attack.
* * * LOW HITPOINT WARNING * * *
The ball python constricts you.
You take 1 damage, and have 6/36 hp.
Your shield prevents you from hitting the orc priest.
The orc priest hits you but does no damage.
You block the ball python's attack. The ball python constricts you.
The orc priest hits you with a hand axe.
* * * LOW HITPOINT WARNING * * *
You take 4 damage, and have 2/36 hp.
Your shield and chain mail prevent you from hitting the orc priest.
The ball python bites you but does no damage.
The ball python constricts you. You block the ball python's attack.
The ball python constricts you.
The orc priest looks braver for a moment.
You closely miss the orc priest. You block the ball python's attack.
* * * LOW HITPOINT WARNING * * *
The ball python constricts you.
The orc priest hits you with a hand axe.
You die...

### ######## ...
.......< ##.##.#
.#...... . ......
...##### .. #o##.# .#.#
##.
#.####@##.#####.#...#..
.#....#S##.#.........#..
.............###.#...#..
........##..............
.....................>..
.S.....###...###.#..##..
####...###...###.#..##..
...............[......
###...###.#####.#.#>#..


You could see an orc priest and a ball python.

Vanquished Creatures
  An orc priest (D:3)
  Jessica (D:3)
  An adder (D:3)
  2 oozes (D:1)
  2 worms (D:2)
  2 giant geckos
  2 orcs (D:3)
  11 bats
  7 goblins
  2 hobgoblins (D:1)
  3 giant cockroaches
  A giant newt (D:2)
  9 kobolds
  6 rats
50 creatures vanquished.

Notes
Turn   | Place    | Note
--------------------------------------------------------------
     0 | D:1      | Goblin1989 the Demonspawn Fighter began the quest for the Orb.
     0 | D:1      | Reached XP level 1. HP: 18/18 MP: 1/1
    70 | D:1      | Gained mutation: You are partially covered in rugged brown scales (AC +1, +3% HP). [demonic ancestry]
    70 | D:1      | Reached XP level 2. HP: 14/24 MP: 2/2
   454 | D:1      | Gained mutation: You regenerate a little health from kills. [demonic ancestry]
   454 | D:1      | Reached XP level 3. HP: 19/29 MP: 3/3
  1257 | D:2      | Found a shattered altar of Ashenzari.
  1262 | D:2      | Found a shimmering altar of Xom.
  1262 | D:2      | Found a stormy altar of Qazlal.
  1638 | D:3      | Noticed Jessica
  1646 | D:3      | Killed Jessica
  1646 | D:3      | Reached skill level 4 in Maces & Flails
  1646 | D:3      | Gained mutation: Your flesh is cold resistant. [demonic ancestry]
  1646 | D:3      | Reached XP level 4. HP: 36/36 MP: 4/4
  2290 | D:3      | Slain by an orc priest

Action                   |  1- 3 |  4- 6 || total
-------------------------+-------+-------++-------
Melee: Flail             |   151 |    48 ||   199
  Use: Scroll            |     5 |       ||     5
       Potion            |       |     1 ||     1
  Eat: Chunk             |     1 |     1 ||     2
       Pizza             |       |     1 ||     1
